 Dungeon Crawl Stone Soup version 0.32-a0-975-g85d4e5bfdb (webtiles) character file.

Game seed: 6732034432906860888

21448 Chadd the Skirmisher (level 12, -2/94 HPs)
             Began as a Coglin Hunter on Apr 19, 2024.
             Was a High Priest of Okawaru.
             Slain by a catoblepas (13 damage)
             ... while petrified by a catoblepas
             ... on level 2 of the Lair of Beasts.
             The game lasted 00:54:38 (17350 turns).

Chadd the Skirmisher (Coglin Hunter)               Turns: 17350, Time: 00:54:39

Health: -2/94      AC: 10    Str: 13    XL:     12   Next: 90%
Magic:  12/17      EV:  2    Int:  8    God:    Okawaru [*****.]
Gold:   841        SH:  0    Dex: 22    Spells: 11/11 levels left

rFire   . . .        a - +3 sling {Arun}
rCold   . . .        d - +0 sling {Hua}
rNeg    + + +        G - +0 ring mail
rPois   ∞            (no helmet)
rElec   .            (no cloak)
rCorr   .            D - +2 pair of gloves
SInv    .            C - +0 pair of boots
Will    .....        (amulet unavailable)
Stlth   +++          (ring unavailable)
HPRegen 0.35/turn    (ring unavailable)
MPRegen 0.15/turn    (no gizmo)

%: no passive effects
@: petrified, finesse-ful, hasted
A: off-hand wielding, slow wielding, warmup strikes, no jewellery
a: Invent Gizmo, Renounce Religion, Heroism, Finesse, Duel


You were on level 2 of the Lair of Beasts.
You worshipped Okawaru.
Okawaru was extremely pleased with you.
You visited 2 branches of the dungeon, and saw 11 of its levels.

You collected 841 gold pieces.

Inventory:

Hand Weapons
 a - a +3 sling (weapon) {Arun}
 d - a +0 sling (offhand) {Hua}
Missiles
 k - 6 javelins
 l - a boomerang
 w - a curare-tipped dart
 z - 6 poisoned darts
 E - 3 silver javelins
Armour
 c - a +1 leather armour
 q - a +0 pair of gloves
 y - a +0 scale mail
 C - a +0 pair of boots (worn)
 D - a +2 pair of gloves (worn)
 G - a +0 ring mail (worn)
Wands
 x - a wand of mindburst (5)
 A - a wand of polymorph (7)
Scrolls
 b - a scroll of butterflies
 e - a scroll of fear
 f - 4 scrolls of identify
 g - 5 scrolls of enchant armour
 i - 2 scrolls of revelation
 j - 2 scrolls of enchant weapon
 p - a scroll of amnesia {unknown}
 r - a scroll of poison
 B - a scroll of fog {unknown}
 H - 2 scrolls of silence
 I - a scroll of torment {unknown}
Potions
 h - a potion of ambrosia
 m - 2 potions of magic
 n - a potion of resistance
 o - a potion of brilliance
 t - 3 potions of lignification
 v - 2 potions of degeneration
 F - a potion of berserk rage {unknown}


   Skills:
 + Level 8.5 Fighting
 + Level 9.9 Ranged Weapons
 + Level 5.2 Throwing
 * Level 4.6 Armour
 + Level 7.5 Dodging
 + Level 7.3 Stealth
 * Level 6.7 Invocations
 + Level 7.2 Evocations


You had 11 spell levels left.
You didn't know any spells.
Your spell library contained the following spells:

 Spells                   Type           Power      Damage    Failure   Level
 Slow                     Hex            0%         N/A       65%         1
 Blink                    Tloc           0%         N/A       78%         2
 Cigotuvi's Dreadful Rot  Necr/Alch/Air  0%         N/A       78%         2
 Lesser Beckoning         Tloc           0%         N/A       78%         2
 Momentum Strike          Conj/Tloc      0%         3d8       78%         2
 Sublimation of Blood     Necr           0%         N/A       78%         2
 Confusing Touch          Hex            0%         N/A       95%         3
 Maxwell's Portable Pile  Tloc           0%         2d(5-13)  95%         3
 Sigil of Binding         Hex            0%         N/A       95%         3
 Teleport Other           Tloc           0%         N/A       95%         3
 Vampiric Draining        Necr           0%         2d6       95%         3
 Volatile Blastmotes      Fire/Tloc      0%         2d10      95%         3
 Anguish                  Hex/Necr       0%         N/A       100%        4
 Cause Fear               Hex            0%         N/A       100%        4
 Fulminant Prism          Conj/Alch      0%         3d5       100%        4
 Ignite Poison            Fire/Alch      0%         N/A       100%        4
 Iskenderun's Mystic Bla Conj/Tloc 0%             2d3        (+2d1     100%        4
 Leda's Liquefaction      Alch/Erth      0%         N/A       100%        4
 Vhi's Electric Charge    Tloc/Air       0%         N/A       100%        4
 Arcjolt                  Conj/Air       0%         1d10      100%        5
 Curse of Agony           Necr           0%         N/A       100%        5
 Freezing Cloud           Conj/Ice/Air   0%         6-21      100%        5
 Lee's Rapid Deconstruct  Erth           0%         3d4*      100%        5
 Permafrost Eruption      Ice/Erth       0%         2x4d1     100%        6
 Plasma Beam              Fire/Air       0%         2x1d10    100%        6
 Enfeeble                 Hex            0%         N/A       100%        7
 Rimeblight               Ice/Necr       0%         2d3       (prima100%   7
 Malign Gateway           Summ/Tloc      Unusable   N/A       N/A         7
 Summon Horrible Things   Summ           Unusable   N/A       N/A         8

Dungeon Overview and Level Annotations

Branches:
Dungeon (8/15)             Temple (0/1) D:6            Lair (3/5) D:8
 Spider (0/4) Lair:2
  Swamp: Lair:2-3    Shoals: Lair:2-3

Altars:
Cheibriados
Elyvilon
Fedhas
Makhleb
Okawaru
Sif Muna
Trog
Uskayaw
Yredelemnul
Zin

Shops:
D:5 !

Annotations:
Lair:1 exclusion: oklob plant
Lair:3 2 transporters, AwFulAwFulPlayer's ghost, journeyman MiFi


Innate Abilities, Weirdness & Mutations

You can wield a second weapon in your off-hand.
It takes a long time for you to wield or remove held weapons.
Your first few attacks do less damage.
You cannot equip rings or amulets.


Message History

You climb upwards.
There is a stone staircase leading down here.
You gain the combat prowess of a mighty hero.
The catoblepas breathes a plume of calcifying dust at you.
The blast of calcifying dust hits you!
You can now deal lightning-fast blows.
You are engulfed in calcifying dust.
You are slowing down.
The catoblepas barely misses you.
You shoot a sling bullet. The sling bullet hits the catoblepas!
The catoblepas is lightly wounded.
You shoot a sling bullet.
The sling bullet hits the catoblepas but does no damage.
The catoblepas is lightly wounded.
You are engulfed in calcifying dust.
Your limbs have turned to stone.
The catoblepas gores you!!
You have turned to stone.
You are engulfed in calcifying dust.
The catoblepas gores you!!
You are engulfed in calcifying dust.
The catoblepas gores you but does no damage.
The catoblepas gores you but does no damage.
The catoblepas gores you!
The catoblepas breathes a plume of calcifying dust at you.
The blast of calcifying dust hits you!
You are engulfed in calcifying dust.
The catoblepas gores you.
You are engulfed in calcifying dust.
The catoblepas gores you!
You are engulfed in calcifying dust.
The catoblepas gores you!
* * * LOW HITPOINT WARNING * * *
You turn to flesh and can move again.
You feel yourself speed up.
You are engulfed in calcifying dust.
You are slowing down.
The catoblepas gores you!!
* * * LOW HITPOINT WARNING * * *
Blink to where?
Press: ? - help, Dir - move target, p - catoblepas
As you read the scroll of blinking, it crumbles to dust.
Your limbs are stiffening.
You have turned to stone.
You feel like a meek peon again. The catoblepas gores you!!
You die...

..# ##..#.#.####..+.......P###.%+
..# ######...#####......P## ###.
### ##.### ###'..### ##. # #...#
##...### #.. #÷..# #.....#### ##.
## ##.########+.#.#..### ## .#
#####..####.#...........# ##
#####.##..÷.#..Y'..........## #.
.......'..÷.+.##@..........#####.
.######......###...........'...#.
## ##.[.Y.# ##..........#.#.#. #
###.### ######.+##..#..'÷ # ###
##.########. # #..## ## ## ##...#
## .# #.#..# #. ## ##..## ###


You could see a catoblepas.

Vanquished Creatures
  2 hydras
  A two-headed ogre (D:8)
  A boulder beetle (D:7)
  A black mamba (Lair:1)
  4 elephants
  2 cane toads (Lair:2)
  5 komodo dragons
  A polar bear (Lair:1)
  A troll (D:6)
  A jumping spider (Lair:1)
  4 dream sheep (Lair:2)
  21 blink frogs
  18 yaks
  2 wyverns
  6 basilisks (Lair:3)
  A steam dragon (D:8)
  2 redbacks
  A swamp worm (Lair:2)
  An acid dragon (D:6)
  26 water moccasins
  An orc warrior (D:6)
  3 ice beasts
  2 ogres
  5 wolves
  2 centaurs
  Blork the orc (D:6)
  7 bullfrogs
  A gnoll sergeant (D:7)
  4 scorpions
  9 wights
  4 killer bees (D:7)
  An electric eel (Lair:3)
  A bombardier beetle (D:5)
  3 jellies
  3 orc priests
  4 hounds
  A gnoll bouda (D:7)
  A sleepcap (D:5)
  2 iguanas
  2 orc wizards
  17 gnolls
  20 adders
  2 ufetubi (D:7)
  3 ribbon worms (D:2)
  2 dart slugs (D:3)
  16 orcs
  7 endoplasms
  A giant cockroach (D:2)
  4 goblins
  7 hobgoblins
  6 kobolds
  2 quokkas
  5 bats
  4 frilled lizards
  5 rats
259 creatures vanquished.

Notes
Turn   | Place    | Note
-------+----------+-------------------------------------------
     0 | D:1      | Chadd the Coglin Hunter began the quest for the Orb.
     0 | D:1      | Reached XP level 1. HP: 16/16 MP: 1/1
   107 | D:1      | Reached skill level 1 in Stealth
   112 | D:1      | Reached XP level 2. HP: 22/22 MP: 2/2
   152 | D:1      | You fall into a shaft and drop 1 floor!
   429 | D:2      | Reached XP level 3. HP: 28/28 MP: 3/3
   829 | D:3      | Reached skill level 4 in Ranged Weapons
   863 | D:3      | Reached XP level 4. HP: 34/34 MP: 4/4
  1106 | D:3      | Found a white marble altar of Elyvilon.
  1106 | D:3      | Found an iron altar of Okawaru.
  1106 | D:3      | Found a blossoming altar of Fedhas.
  1111 | D:3      | Found a hide-covered altar of Uskayaw.
  1118 | D:3      | Became a worshipper of Warmaster Okawaru
  1284 | D:3      | Reached XP level 5. HP: 41/41 MP: 5/5
  1728 | D:3      | Found a shimmering blue altar of Sif Muna.
  1734 | D:3      | Found a bloodstained altar of Trog.
  1926 | D:4      | Noticed an ogre
  2240 | D:4      | Reached XP level 6. HP: 47/47 MP: 6/6
  2696 | D:4      | Reached * piety under Okawaru
  2922 | D:5      | Entered Level 5 of the Dungeon
  3141 | D:5      | Found Rupam's Distillery.
  3265 | D:5      | Reached XP level 7. HP: 31/54 MP: 7/7
  3443 | D:5      | Reached skill level 5 in Ranged Weapons
  4128 | D:6      | Reached ** piety under Okawaru
  4129 | D:6      | Reached skill level 1 in Throwing
  4138 | D:6      | Noticed a troll
  4143 | D:6      | Reached XP level 8. HP: 15/61 MP: 8/8
  4150 | D:6      | Killed a troll
  4151 | D:6      | Reached skill level 6 in Ranged Weapons
  4196 | D:6      | Reached skill level 5 in Fighting
  4647 | D:6      | Found a staircase to the Ecumenical Temple.
  4867 | D:6      | Noticed Blork the orc
  4872 | D:6      | Killed Blork the orc
  5216 | D:6      | Reached XP level 9. HP: 63/68 MP: 9/9
  5549 | D:7      | Reached skill level 5 in Dodging
  5697 | D:7      | Noticed a boulder beetle
  5716 | D:7      | Killed a boulder beetle
  5716 | D:7      | Reached *** piety under Okawaru
  5716 | D:7      | Reached **** piety under Okawaru
  5717 | D:7      | Reached skill level 7 in Ranged Weapons
  5898 | D:7      | Found a snail-covered altar of Cheibriados.
  5902 | D:7      | Found a burning altar of Makhleb.
  5909 | D:7      | Found a glowing silver altar of Zin.
  6059 | D:7      | Reached skill level 5 in Stealth
  6193 | D:7      | Reached skill level 1 in Evocations
  6207 | D:7      | Reached skill level 1 in Invocations
  6846 | D:7      | Reached XP level 10. HP: 76/76 MP: 11/11
  7371 | D:7      | Reached skill level 8 in Ranged Weapons
  8040 | D:8      | Found a staircase to the Lair.
  8198 | D:8      | Reached ***** piety under Okawaru
  8369 | D:8      | Noticed a two-headed ogre
  8385 | D:8      | Killed a two-headed ogre
  8771 | Lair:1   | Entered Level 1 of the Lair of Beasts
  9139 | Lair:1   | Noticed a black mamba
  9228 | Lair:1   | Found a basalt altar of Yredelemnul.
  9232 | Lair:1   | Noticed an oklob plant
  9322 | Lair:1   | Received a gift from Okawaru
  9334 | Lair:1   | Reached XP level 11. HP: 68/84 MP: 13/13
  9856 | Lair:2   | Noticed a six-headed hydra
 10425 | Lair:1   | Reached skill level 9 in Ranged Weapons
 10661 | Lair:1   | Reached skill level 5 in Throwing
 10967 | Lair:2   | Found a hole to the Spider Nest.
 11628 | Lair:2   | Reached skill level 5 in Evocations
 12013 | Lair:2   | HP: 4/84 [blink frog (10)]
 12029 | Lair:2   | Received a gift from Okawaru
 12382 | Lair:2   | Reached skill level 5 in Invocations
 12386 | Lair:2   | Reached skill level 1 in Armour
 12534 | Lair:2   | Noticed a five-headed hydra
 12562 | Lair:1   | HP: 4/84 [poisoned by a cane toad]
 12901 | Lair:2   | Killed a six-headed hydra
 13086 | Lair:2   | Reached XP level 12. HP: 50/92 MP: 16/16
 13541 | Lair:3   | Found a transporter.
 13541 | Lair:3   | Found a transporter.
 13715 | Lair:3   | Identified the +3 long sword "Saukkow" {antimagic, Str+7
                  | Dex-5}
 13736 | Lair:3   | Found a bloodstained altar of Trog.
 13944 | Lair:3   | Noticed an eight-headed hydra
 13954 | Lair:3   | Killed an eight-headed hydra
 13954 | Lair:3   | Received a gift from Okawaru
 14484 | Lair:3   | Noticed AwFulAwFulPlayer's ghost (journeyman MiFi)
 15411 | Lair:3   | Noticed a catoblepas
 15974 | Lair:3   | HP: 4/94 [poisoned by a water moccasin]
 17350 | Lair:2   | Slain by a catoblepas

Illustrated notes

Levels and vault maps discovered:
D:1:      dpeg_arrival_line_fractal, layout_basic
D:2:      layout_loops_ring, minmay_tall_x
D:3:      layout_loops_ring, hellmonk_overflow_destroyed_library,
          chequers_temple_overflow_statue_of_worship, serial_forest,
          infiniplex_forest_clump_curved, infiniplex_forest_clump_medium,
          infiniplex_forest_end_2, infiniplex_forest_pool,
          infiniplex_forest_clump_small, infiniplex_forest_end_2,
          nrook_loot_triangle, nicolae_half_adder
D:4:      layout_loops_ring, serial_bayou, serial_bayou_pond_e,
          serial_bayou_pond_c, serial_bayou_crossing, serial_bayou_ford_a,
          wad_rectangle_vault
D:5:      layout_loops_ring, serial_shops, nicolae_shop_window_shopping
D:6:      minmay_cornered_nines, layout_layer_cave,
          minmay_temple_entry_drinking_statues, uniq_blork_the_orc
D:7:      layout_basic, minmay_overflow_temple_star_quad, hangedman_decor_lopped
D:8:      layout_loops_ring, lair_entry_dummy
Lair:1:   layout_gridlike, lemuel_oklob_altar
Lair:2:   layout_roguey, palyth_hydra_swamp_entry, spider_nest_entry_a
Lair:3:   lemuel_reptile_caves, layout_regular_city,
          gammafunk_ghost_wrathful_warriors, kennysheep_basilisk_garden

Skill      XL: |  1  2  3  4  5  6  7  8  9 10 11 12 |
---------------+-------------------------------------+-----
Stealth        | 1 2 3 4 5 6 7 |  7.3
Dodging        | 2 3 4 5 6 7 |  7.5
Ranged Weapons | 4 5 6 7 8 9 |  9.9
Fighting       | 3 4 5 6 7 8 |  8.5
Throwing       | 1 2 3 4 5 |  5.2
Evocations     | 2 4 5 7 |  7.2
Invocations    | 1 3 5 6 |  6.7
Armour         | 2 4 |  4.6

Action                     |  1- 3 |  4- 6 |  7- 9 | 10-12 || total
---------------------------+-------+-------+-------+-------++-------
   Fire: Sling             |   140 |   232 |   486 |  1622 ||  2480
  Throw: Dart              |       |       |     8 |    34 ||    42
         Throwing net      |       |       |       |     2 ||     2
 Invoke: Heroism           |       |       |     2 |     8 ||    10
         Finesse           |       |       |     1 |     3 ||     4
  Evoke: Wand              |       |     2 |    14 |    15 ||    31
    Use: Scroll            |       |       |     5 |    16 ||    21
         Potion            |       |       |     5 |     6 ||    11
 Armour: Leather armour    |    12 |    42 |   101 |   283 ||   438
         Ring mail         |       |       |       |   140 ||   140
  Dodge: Dodged            |     6 |    26 |   154 |   423 ||   609

Table legend: (Time is in decaauts)
 A = Elapsed time spent in this place.
 B = Non-inter-level travel time spent in this place.
 C = Inter-level travel time spent in this place.
 D = Time resting spent in this place.
 E = Time spent auto-exploring this place.
 F = Levels seen in this place.
 G = Mean time per level.
                   A        B        C        D        E       F      G
               +--------+--------+--------+--------+--------+-----+--------+
         Total |  17444 |  14714 |   2730 |   4190 |   7553 |  11 | 1585.8 |
       Dungeon |   9047 |   8015 |   1032 |   1331 |   5363 |   8 | 1130.9 |
          Lair |   8396 |   6699 |   1697 |   2859 |   2189 |   3 | 2798.7 |
               +--------+--------+--------+--------+--------+-----+--------+

Top non-repeatable levels by time:
  Lair:1: 3066 daAuts
  Lair:2: 2788 daAuts
  Lair:3: 2541 daAuts
     D:6: 2307 daAuts
     D:7: 1447 daAuts
     D:3: 1171 daAuts
     D:8: 1116 daAuts
     D:5: 1110 daAuts
     D:4: 1067 daAuts
     D:2: 670 daAuts
     D:1: 155 daAuts
